 Dungeon Crawl Stone Soup version 0.18-a0-1805-g8ab820f (webtiles) character file.

187 M4edhros the Poker (level 5, 0/41 HPs)
             Began as a Mummy Chaos Knight on Apr 26, 2016.
             Killed from afar by Sigmund (5 damage)
             ... with a magic dart
             ... on level 3 of the Dungeon.
             The game lasted 00:03:23 (2202 turns).

M4edhros the Poker (Mummy Chaos Knight)             Turns: 2202, Time: 00:03:24

Health: 0/41       AC:  6    Str: 15    XL:     5   Next: 39%
Magic:  5/5        EV: 11    Int: 12    God:    Xom [.*....]
Gold:   132        SH:  0    Dex: 12    Spells: 0 memorised, 4 levels left

rFire  x . .     SeeInvis .     l - +2 short sword (drain)
rCold  + . .     Gourm    .     b - +3 leather armour
rNeg   + + +     Faith    .     (no shield)
rPois  ∞         Spirit   .     (no helmet)
rElec  .         Dismiss  .     (no cloak)
rCorr  .         Reflect  .     (no gloves)
SustAt .         Harm     .     (no boots)
MR     .....                    (no amulet)
Stlth  +.........               (no ring)
                                (no ring)

@: about to teleport, not resistant to hostile enchantments, very unstealthy
A: no food or potions, fire vulnerability, cold resistance 1, negative energy
resistance 3, torment resistance, unbreathing
a: Renounce Religion


You were on level 3 of the Dungeon.
You worshipped Xom.
You were a plaything of Xom.
You were not hungry.

You visited 1 branch of the dungeon, and saw 3 of its levels.

You collected 132 gold pieces.

Inventory:

Hand Weapons
 a - a +0 spear of chaos
 j - a +0 hunting sling
 l - a +2 short sword of draining (weapon)
Missiles
 f - 2 poisoned javelins (quivered)
 k - 83 stones
Armour
 b - a +3 leather armour (worn)
Scrolls
 c - a scroll of enchant armour
 e - a scroll of random uselessness {unknown}
 g - a scroll of remove curse {unknown}
 h - a scroll of immolation {unknown}
 i - a scroll of amnesia {unknown}
 m - a scroll of identify {unknown}


   Skills:
 - Level 3.0 Fighting
 + Level 5.1 Polearms
 - Level 1.5 Armour
 - Level 0.7 Dodging


You had 4 spell levels left.
You didn't know any spells.

Dungeon Overview and Level Annotations

Branches:
Dungeon (3/15)

Altars:
Gozag
Kikubaaqudgha
Makhleb
Pakellas

Annotations:
D:3 Sigmund


Innate Abilities, Weirdness & Mutations

You do not eat or drink.
Your flesh is vulnerable to fire.
You are immune to poison.
Your flesh is cold resistant.
You are immune to negative energy.
You are immune to unholy pain and torment.
You can survive without breathing.


Message History

A magic dart appears from out of thin air!
The magic dart hits you!
* * * LOW HITPOINT WARNING * * *
You aren't carrying any items that you can evoke without wielding.
Read which item? (? for menu, Esc to quit)
As you read the scroll labeled YNTEJA KEABLIPTER, it crumbles to dust.
It is a scroll of enchant armour.
Enchant which item? (? for menu, Esc to quit)
Your +2 leather armour glows green for a moment.
Something hits you.
* * * LOW HITPOINT WARNING * * *
Read which item? (? for menu, Esc to quit)
As you read the scroll labeled FEVUAZXUPI, it crumbles to dust.
You feel strangely unstable.
It was a scroll of teleportation.
Read which item? (? for menu, Esc to quit)
You aren't carrying any armour which can be enchanted further.
A magic dart appears from out of thin air!
The magic dart hits you!
You die... "Boring in life, boring in death..."

##### #....# # #####.##.#
####.###...##.##.#
#.....{§§#..#.##.########
#§###......##......
#.@#..#....##.####.
##...#.....##.####.
######.....†...##.
##.####†#.##. #.# #.#.##.
#.# #...... ##'# ###.###
##...## #.# ##.....##
#.###


There were no monsters in sight!

Vanquished Creatures
  2 orc wizards (D:3)
  Natasha (D:3)
  2 adders (D:2)
  2 oozes
  2 worms (D:2)
  2 giant geckos
  4 orcs (D:3)
  A ball python (D:2)
  5 bats
  4 giant cockroaches
  6 goblins
  8 hobgoblins
  9 jackals
  8 kobolds
  A quokka (D:3)
  3 giant newts
  6 rats
66 creatures vanquished.

Notes
Turn   | Place    | Note
--------------------------------------------------------------
     0 | D:1      | M4edhros the Mummy Chaos Knight began the quest for the Orb.
     0 | D:1      | Reached XP level 1. HP: 18/18 MP: 1/1
   307 | D:1      | Reached XP level 2. HP: 24/24 MP: 2/2
   363 | D:1      | Reached skill level 3 in Polearms
   484 | D:1      | XOM: divination: detect creatures
   746 | D:1      | XOM: divination: detect creatures
   917 | D:2      | XOM: silly message
  1101 | D:2      | Reached XP level 3. HP: 28/29 MP: 3/3
  1286 | D:2      | XOM: silly message
  1378 | D:2      | Found an oddly glowing altar of Pakellas.
  1426 | D:2      | Reached skill level 4 in Polearms
  1436 | D:2      | XOM: harmless Erth miscast
  1516 | D:2      | Reached XP level 4. HP: 35/35 MP: 4/4
  1557 | D:2      | Found a burning altar of Makhleb.
  1557 | D:2      | Found an ancient bone altar of Kikubaaqudgha.
  1668 | D:2      | XOM is BORED!
  1668 | D:2      | XOM: medium Tloc miscast
  1889 | D:3      | Found an opulent altar of Gozag.
  1915 | D:3      | Reached XP level 5. HP: 27/41 MP: 5/5
  2094 | D:3      | Noticed Natasha
  2101 | D:3      | Killed Natasha
  2101 | D:3      | Reached skill level 5 in Polearms
  2191 | D:3      | Noticed Sigmund
  2196 | D:3      | XOM: smoke on damage
  2202 | D:3      | Killed from afar by Sigmund

Vault maps used:
D:1:      minmay_arrival_four_houses, minmay_misc_feat_plants,
          minmay_misc_feat_rugged
D:2:      grunt_pakellas_salt, gammafunk_temple_overflow_elements, first_bread,
          hex_large, kennysheep_generic_room_16
D:3:      grunt_gozag_statues, uniq_sigmund, uniq_natasha

Skill      XL: |  1  2  3  4  5 |
---------------+----------------+-----
Polearms       | 3 4 5 |  5.1
Fighting       | |  3.0
Armour         | |  1.5
Dodging        | |  0.7

Action                   |  1- 3 |  4- 6 || total
-------------------------+-------+-------++-------
Melee: Spear             |   139 |    27 ||   166
       Short sword       |       |    53 ||    53
  Use: Scroll            |       |     2 ||     2
 Stab: Paralysed         |     2 |       ||     2
       Sleeping          |       |     1 ||     1
Armor: Leather armour    |    41 |    17 ||    58
Dodge: Dodged            |    53 |    36 ||    89
